 Dungeon Crawl Stone Soup version 0.15.2 (webtiles) character file.

203 axujen the Skirmisher (level 5, 0/41 HPs)
             Began as a High Elf Warper on Jan 11, 2015.
             Succumbed to an orc's poison
             ... on Level 3 of the Dungeon.
             The game lasted 00:11:11 (4096 turns).

axujen the Skirmisher (High Elf Warper)             Turns: 4096, Time: 00:11:11

HP   0/41        AC  6     Str 11      XL: 5   Next: 51%
MP  12/12        EV  6     Int 16      God:
Gold 134         SH  7     Dex 15      Spells:  1 memorised,  7 levels left

rFire  . . .     SeeInvis .     w - +2 mace (crush)
rCold  . . .     Clarity  .     N - +0 ring mail
rNeg   . . .     rCorr    .     u - +0 shield
rPois  .         rRot     .     (no helmet)
rElec  .         Spirit   .     x - +0 cloak
SustAb .         Warding  .     (no gloves)
rMut   .         Stasis   .     (no boots)
Gourm  .                        (no amulet)
MR     .....                    (no ring)
                                (no ring)

@: lethally poisoned, drained, not resistant to hostile enchantments, very
unstealthy
A: no striking features
a: no special abilities

Inventory:

Hand weapons
 a - a +0 falchion
 j - a +2 dagger of speed
   (You found it on level 1 of the Dungeon)
 r - a +0 blowgun
 w - a +2 mace of crushing (weapon)
   (You found it on level 2 of the Dungeon)
 C - a +1 dagger of draining
   (You took it off a goblin on level 2 of the Dungeon)
Missiles
 e - 5 tomahawks of dispersal
 i - 119 stones (quivered)
 M - a poisoned needle
Armour
 b - a +0 leather armour
 u - a +0 shield (worn)
 x - a +0 cloak (worn)
 N - a +0 ring mail (worn)
Comestibles
 f - 3 bread rations
 k - a meat ration
 n - 2 fruits
 F - a beef jerky
 H - a slice of pizza
Scrolls
 q - a scroll of immolation {unknown}
 v - 3 scrolls of identify {unknown}
 A - a scroll of fear {unknown}
 E - a scroll of teleportation {unknown}
 G - a scroll of magic mapping {unknown}
 K - a scroll of enchant armour {unknown}
Jewellery
 I - an uncursed ring of teleportation
   (You found it on level 2 of the Dungeon)
Potions
 h - a potion of porridge
 s - a potion of lignification {unknown}
 z - 2 potions of flight {unknown}
 B - 2 potions of poison
 J - a potion of brilliance {unknown}
Books
 c - a book of Spatial Translocations

   Spells                             Type                      Level
   *Apportation                       Translocation                1
   Blink                              Translocation                2
   Shroud of Golubria                 Charms/Translocation         2
   Portal Projectile                  Translocation                3
   Teleport Other                     Translocation                3
   Passage of Golubria                Translocation                4


   Skills:
 + Level 5.8(5.5) Fighting
 - Level 2.4(2.1) Long Blades
 - Level 1.1(0.8) Throwing
 - Level 0.8(0.5) Armour
 - Level 2.1(1.8) Dodging
 - Level 2.4(2.1) Spellcasting
 - Level 3.2(2.9) Translocations


You had 7 spell levels left.
You knew the following spells:

 Your Spells              Type           Power        Failure   Level  Hunger
a - Apportation           Tloc           ##........   98%         1    #......


Dungeon Overview and Level Annotations

Branches:
Dungeon (3/15)

Altars:
Nemelex Xobeh

Annotations:
D:3 Crazy Yiuf


You were on level 3 of the Dungeon.
You were very hungry.

You visited 1 branch of the dungeon, and saw 3 of its levels.

You collected 134 gold pieces.

#### #..##### ######.# #>
...#######..# #.######.
##..........# #........
####.).###.## #.#.##### #
#....>...# #.#.# ##.......###
#.#.# ##.......##### #.#.#
#............######### #.#.#
#.#...........g.e....####.#.#
#.##....###..#######.##...#.#
#.##..#.# #..# #.###.#
#.......# #..# #.# #.#
......#####..###### #.# #.#
#>.##.##.....).%).# #.# #..#
#.###.####.# #.# #..# # #.#
#.# #.# #......... ..# #.#
##.#


Message History

* * * LOW HITPOINT WARNING * * *
You feel sick.
Drink which item? (? for menu, Esc to quit)
Okay, then.
* * * LOW HITPOINT WARNING * * *
You feel sick.
Crazy Yiuf says, "Ten!"
* * * LOW HITPOINT WARNING * * *
You feel sick.
* * * LOW HITPOINT WARNING * * *
You feel sick.
* * * LOW HITPOINT WARNING * * *
You feel sick.
* * * LOW HITPOINT WARNING * * *
You feel sick. You block Crazy Yiuf's attack.
* * * LOW HITPOINT WARNING * * *
You feel sick.
* * * LOW HITPOINT WARNING * * *
You feel sick.
You die...

Notes
Turn   | Place    | Note
--------------------------------------------------------------
     0 | D:1      | axujen, the High Elf Warper, began the quest for the Orb.
     0 | D:1      | Reached XP level 1. HP: 14/14 MP: 4/4
   236 | D:1      | Identified a +2 dagger of speed (You found it on level 1 of the Dungeon)
   296 | D:1      | Reached XP level 2. HP: 14/20 MP: 6/6
  1350 | D:2      | Reached XP level 3. HP: 26/26 MP: 8/8
  1966 | D:2      | Reached skill level 4 in Fighting
  2475 | D:3      | Reached XP level 4. HP: 31/34 MP: 11/11
  2516 | D:3      | Found a sparkling altar of Nemelex Xobeh.
  3070 | D:3      | Reached skill level 5 in Fighting
  3124 | D:3      | Noticed Crazy Yiuf
  3390 | D:3      | Reached XP level 5. HP: 20/39 MP: 12/12
  3822 | D:3      | HP: 4/39 [orc priest/nerve-wracking pain (4)]
  4092 | D:3      | HP: 5/41 [poisoned by an orc]
  4094 | D:3      | HP: 2/41 [poisoned by an orc]
  4096 | D:3      | Succumbed to an orc's poison

Vault maps used:
D:1:      dpeg_arrival_boxorama, minmay_misc_feat_five
D:2:      minmay_surrounded
D:3:      old_standard_altar, first_bread, uniq_crazy_yiuf_cottage
You       could see
Crazy     Yiuf.

Vanquished Creatures
  An orc priest (D:3)
  A hound (D:3)
  5 gnolls (D:3 D:2)
  A giant mite (D:1)
  An adder (D:3)
  A worm (D:3)
  A giant gecko (D:2)
  An ooze (D:2)
  3 orcs (D:3)
  A ball python (D:1)
  4 bats (D:1 D:2 D:3)
  4 giant cockroaches (D:1 D:2)
  14 goblins (D:1 D:2 D:3)
  7 hobgoblins (D:1 D:2 D:3)
  A quokka (D:2)
  2 giant newts (D:1)
  12 kobolds (D:1 D:2 D:3)
  8 rats (D:1 D:2 D:3)
68 creatures vanquished.

Table legend:
 A = Turns spent in this place as a percentage of turns spent in the entire game.
 B = Non-inter-level travel turns spent in this place as a percentage of non-inter-level travel turns spent in the entire game.
 C = Inter-level travel turns spent in this place as a percentage of turns spent in this place.
 D = Turns resting spent in this place as a percentage of non-inter-level travel turns spent in this place.
 E = Turns spent auto-exploring this place as a percentage of non-inter-level travel turns spent in this place.
 F = Non-inter-level travel turns spent in this place divided by the number of levels of this place that you've seen.
                   A       B       C       D       E      F
               +-------+-------+-------+-------+-------+----------------------
         Total | 100.0 | 100.0 |   0.5 |   5.9 |   6.4 | 311.3
       Dungeon | 100.0 | 100.0 |   0.5 |   5.9 |   6.4 | 311.3
               +-------+-------+-------+-------+-------+----------------------

Table legend:
 A = Kills in this place as a percentage of kills in entire the game.
 B = Kills by you in this place as a percentage of kills by you in the entire game.
 C = Kills by friends in this place as a percentage of kills by friends in the entire game.
 D = Other kills in this place as a percentage of other kills in the entire game.
 E = Experience gained in this place as a percentage of experience gained in the entire game.
 F = Experience gained in this place divided by the number of levels of this place that you have seen.
                   A       B       C       D       E      F
               +-------+-------+-------+-------+-------+----------------------
         Total | 100.0 | 100.0 |  -nan |  -nan | 100.0 |  96.7
       Dungeon | 100.0 | 100.0 |  -nan |  -nan | 100.0 |  96.7
               +-------+-------+-------+-------+-------+----------------------

Action                   |  1- 3 |  4- 6 || total
-------------------------+-------+-------++-------
Melee: Falchion          |   105 |       ||   105
       Dagger            |    16 |       ||    16
       Mace              |    50 |    62 ||   112
 Fire: Blowgun           |       |     3 ||     3
Throw: Stone             |    10 |     1 ||    11
  Use: Scroll            |     3 |     1 ||     4
       Potion            |       |     4 ||     4
  Eat: Chunk             |     5 |     3 ||     8
       Fruit             |       |     1 ||     1
